 Dungeon Crawl Stone Soup version 0.23.2-1-ga50397a (webtiles) character file.

Game seed: 15516127135345012790

113 IBeShadow the Insei (level 4, -4/29 HPs)
             Began as an Octopode Transmuter on May 23, 2019.
             Slain by an iguana (13 damage)
             ... on level 4 of the Dungeon.
             The game lasted 00:02:50 (3347 turns).

IBeShadow the Insei (Octopode Transmuter)           Turns: 3347, Time: 00:02:50

Health: -4/29      AC:  1    Str:  9    XL:     4   Next: 96%
Magic:  7/7        EV: 13    Int: 16    God:
Gold:   283        SH:  0    Dex: 12    Spells: 6/7 levels left

rFire    . . .     SeeInvis .     - Unarmed
rCold    . . .     Gourm    .   (no shield)
rNeg     . . .     Faith    .   (helmet restricted)
rPois    .         Spirit   .   (no amulet)
rElec    .         Reflect  .   (no ring)
rCorr    .         Harm     .   (no ring)
MR       .....                  (no ring)
Stlth    ++........             (no ring)
HPRegen  0.09/turn              (no ring)
MPRegen  0.10/turn              (no ring)
                                (no ring)
                                (no ring)

@: no status effects
A: almost no armour, stealthy swim, amphibious, 8 rings, constrict 8, camouflage
1, gelatinous body 1
a: no special abilities


You were on level 4 of the Dungeon.
You were hungry.

You visited 1 branch of the dungeon, and saw 4 of its levels.

You collected 283 gold pieces.

Inventory:

Missiles
 a - 43 arrows
Jewellery
 h - a cursed amulet of guardian spirit {unknown}
 k - an uncursed amulet of the gourmand {unknown}
Scrolls
 e - a scroll of enchant armour {unknown}
 f - 3 scrolls of identify {unknown}
 g - 2 scrolls of noise {unknown}
 l - a scroll of fog {unknown}
 n - a scroll of teleportation {unknown}
Potions
 b - a potion of lignification {unknown}
 d - 7 potions of curing {unknown}
 i - a potion of brilliance {unknown}
 j - a potion of flight {unknown}
 m - a potion of might {unknown}
Comestibles
 c - 8 rations
 o - 3 chunks of flesh


   Skills:
 + Level 2.3 Fighting
 - Level 2.0 Dodging
 * Level 4.4 Unarmed Combat
 - Level 2.0 Spellcasting
 + Level 3.0 Transmutations


You had 6 spell levels left.
You knew the following spells:

 Your Spells              Type           Power        Failure   Level  Hunger
a - Beastly Appendage     Tmut           ##....       6%          1    #......

Your spell library contained the following spells:

 Spells                   Type           Power        Failure   Level  Hunger
 Sticks to Snakes         Tmut           ##......     9%          2    ###....
 Spider Form              Tmut/Pois      #.........   32%         3    ###....
 Ice Form                 Ice/Tmut       #.......     73%         4    #####..
 Blade Hands              Tmut           ##........   86%         5    ######.


Dungeon Overview and Level Annotations

Branches:
Dungeon (4/15)
 Temple: D:4-7

Altars:
Hepliaklqana


Innate Abilities, Weirdness & Mutations

You cannot wear most types of armour.
You are very stealthy in the water. (Stealth+)
You are amphibious.
You can wear up to eight rings at the same time.
You can use your tentacles to constrict eight enemies at once.
Your skin changes colour to match your surroundings (Stealth+).
Your rubbery body absorbs attacks. (AC +1, EV +1)


Message History

The iguana barely misses you.
You tentacle-slap the iguana but do no damage.
The iguana is heavily wounded.
You constrict the iguana. You barely miss the iguana.
The iguana is severely wounded.
You constrict the iguana, but do no damage.
The iguana bites you!
* * * LOW HITPOINT WARNING * * *
You are too injured to fight recklessly!
You are too injured to fight recklessly!
You completely miss the iguana.
You squeeze the iguana, but do no damage.
The iguana is heavily wounded.
You constrict the iguana. The iguana misses you.
Unknown command.
You tentacle-slap the iguana but do no damage.
The iguana is severely wounded.
You constrict the iguana. The iguana bites you!
You die...

.....## ### ...S..#
..## ##.....## ...#
#.......# ...##
#.......## ....#
#........## ....##
#l........### .....#
#.@....#....# .....##
##...###.#... ......#
#. ##.#.....# ......#
#. ###.#.#.##...
.....## ##.#
#.......... .....#
#..########.#.#......
.....#
#....................
....##
#....................
....#
##....#######.........


You could see an iguana and an adder (sleeping).

Vanquished Creatures
  A howler monkey skeleton (D:4)
  3 adders
  An ooze (D:2)
  A worm (D:4)
  A dart slug (D:1)
  2 leopard geckos (D:2)
  An orc (D:3)
  A ball python (D:1)
  7 giant cockroaches
  8 hobgoblins
  7 kobolds
  2 quokkas
  8 bats
  4 frilled lizards
  7 goblins
  10 rats
64 creatures vanquished.

Notes
Turn   | Place    | Note
-------+----------+-------------------------------------------
     0 | D:1      | IBeShadow the Octopode Transmuter began the quest for the
                  | Orb.
     0 | D:1      | Reached XP level 1. HP: 13/13 MP: 3/3
   196 | D:1      | Reached XP level 2. HP: 17/18 MP: 5/5
   865 | D:2      | Reached XP level 3. HP: 23/23 MP: 6/6
  1356 | D:2      | Reached skill level 4 in Unarmed Combat
  1356 | D:2      | Reached XP level 4. HP: 19/29 MP: 7/7
  1477 | D:2      | Found a hazy altar of Hepliaklqana.
  3347 | D:4      | Slain by an iguana

Skill      XL: |  1  2  3  4 |
---------------+-------------+-----
Unarmed Combat | 4 |  4.4
Fighting       | 2 |  2.3
Transmutations | 3 |  3.0
Dodging        | |  2.0
Spellcasting   | |  2.0

Action                   |  1- 3 |  4- 6 || total
-------------------------+-------+-------++-------
Melee: Unarmed           |    77 |    72 ||   149
       Constrict         |    27 |    15 ||    42
       Tentacles         |    16 |     6 ||    22
       Punch             |     4 |     4 ||     8
 Stab: Sleeping          |     3 |     5 ||     8
  Eat: Chunk             |     1 |     6 ||     7
Armor: Skin              |     5 |    12 ||    17
Dodge: Dodged            |    43 |    49 ||    92
